 Dungeon Crawl Stone Soup version 0.28-a0-1038-g9c4cb8273d (webtiles) character file.

Game seed: 8609091309042444258

46 mainiacjoe the Ducker (level 3, 0/18 HPs)
             Began as a Spriggan Arcane Marksman on Dec 9, 2021.
             Slain by an orc (6 damage)
             ... on level 1 of the Dungeon.
             The game lasted 00:04:30 (1701 turns).

mainiacjoe the Ducker (Spriggan Arcane Marksman)    Turns: 1701, Time: 00:04:30

Health: 0/18       AC:  2    Str:  8    XL:     3   Next: 46%
Magic:  6/6        EV: 18    Int: 14    God:
Gold:   23         SH:  0    Dex: 15    Spells: 1/5 levels left

rFire   . . .      SeeInvis +   a - +0 short sword
rCold   . . .      Faith    .   (shield restricted)
rNeg    . . .      Spirit   .   d - +0 robe
rPois   .          Reflect  .   (helmet restricted)
rElec   .          Harm     .   (no cloak)
rCorr   .          Rampage  .   (gloves unavailable)
Will    .....                   (boots unavailable)
Stlth   +.........              l - amulet of the acrobat
HPRegen 0.06/turn               (no ring)
MPRegen 0.10/turn               (no ring)

@: very quick
A: very small, no large weapons, unfitting armour, see invisible, speed 3
a: no special abilities


You were on level 1 of the Dungeon.
You visited 1 branch of the dungeon, and saw 2 of its levels.

You collected 45 gold pieces.
You spent 22 gold pieces at shops.

Inventory:

Hand Weapons
 a - a +0 short sword (weapon)
 b - a +0 hand crossbow
 e - a +0 club
 o - a +0 whip
 p - a +0 dagger
Missiles
 c - 26 bolts
 h - 11 stones (quivered)
 j - 39 arrows
Armour
 d - a +0 robe (worn)
Jewellery
 l - an amulet of the acrobat (around neck)
Scrolls
 f - a scroll of torment {unknown}
 n - a scroll of enchant weapon {unknown}
 r - a scroll of summoning {unknown}
Potions
 g - a potion of brilliance
 i - a potion of heal wounds
 k - a potion of berserk rage
 m - a potion of haste {unknown}
 q - a potion of flight {unknown}


   Skills:
 + Level 1.8 Fighting
 - Level 2.1 Crossbows
 + Level 3.9 Dodging
 - Level 1.6 Spellcasting
 - Level 3.7 Hexes


You had one spell level left.
You knew the following spells:

 Your Spells              Type           Power      Damage    Failure   Level
a - Slow                  Hex            44%        N/A       5%          1
b - Inner Flame           Hex/Fire       6%         N/A       34%         3

Your spell library contained the following spells:

 Spells                   Type           Power      Damage    Failure   Level
 Portal Projectile        Hex/Tloc       12%        N/A       34%         3
 Scorch                   Fire           2%         2d5       36%         2
 Cause Fear               Hex            5%         N/A       45%         4
 Flame Wave               Conj/Fire      1%         2d4       94%         4
 Summon Cactus Giant      Summ           0%         N/A       100%        6


Dungeon Overview and Level Annotations

Branches:
Dungeon (2/15)

Altars:

Shops:
D:1 ?


Innate Abilities, Weirdness & Mutations

You are very small and have problems with some larger weapons.
You are too small for most types of armour.
You have supernaturally acute eyesight. (SInv)
You cover ground extremely quickly. (Speed+++)


Message History

You shoot a bolt.
The bolt hits the orc but does no damage.
An orc wizard comes into view. It is wielding a +0 dagger.
The orc wizard points at you and mumbles some strange words.
The puff of flame misses you.
You shoot a bolt. The bolt barely misses the orc wizard.
The orc wizard shouts!
You hear a shout!
An orc comes into view. It is wielding a +0 short sword.
The orc wizard points at you and mumbles some strange words.
The puff of flame hits you.
The orc wizard gestures wildly while chanting.
The orc wizard flickers and vanishes for a moment.
The orc wizard gestures at you while chanting.
You resist with some effort.
There is an open door here.
There is a stone staircase leading up here.
You start resting.
An orc is nearby!
You shoot a bolt.
The bolt hits the orc but does no damage.
You shoot a bolt. The bolt closely misses the orc.
You shoot a bolt. The bolt barely misses the orc.
The orc hits you with a +0 whip.
The orc wizard mumbles some strange words.
The orc wizard flickers and vanishes for a moment.
The orc wizard hits you but does no damage.
You climb upwards.
There is a stone staircase leading down here.
a - a +0 short sword (weapon)
The orc misses you.
You barely miss the orc wizard. The orc wizard misses you. The orc misses you.
You hit the orc wizard.
The orc wizard is lightly wounded.
The orc wizard misses you. The orc barely misses you.
The orc wizard points at you and mumbles some strange words.
The magic dart hits you.
You hit the orc wizard but do no damage.
The orc wizard is lightly wounded.
The orc hits you with a +0 whip.
You die...

.....#...........#
#.######...
.....###########.#
#........##
..[.....### #.#
####.######
##..###...# #.#
#.#.....
#..##♣###.######.#
#.##.##. ..##♣<♣
#.#...##.#
#....### .##♣..♣
#.#...##.# ######
.##♣..###.#...##o#
..##♣.♣#..'...'o@#
.#.♣.♣..#.#...####
.##.♣####.#...#
.########.#...#
.......>..#...#
#.........#...#
#.........#...###
..##.####.......#
..##.## #.......#


You could see an orc wizard and an orc.

Vanquished Creatures
  An adder (D:2)
  3 ball pythons
  4 bats
  8 endoplasms
  3 goblins
  5 hobgoblins
  A quokka (D:2)
  A frilled lizard (D:1)
  3 kobolds
  3 rats (D:1)
32 creatures vanquished.

Notes
Turn   | Place    | Note
-------+----------+-------------------------------------------
     0 | D:1      | mainiacjoe the Spriggan Arcane Marksman began the quest for
                  | the Orb.
     0 | D:1      | Reached XP level 1. HP: 9/9 MP: 3/3
   137 | D:1      | Reached skill level 1 in Fighting
   185 | D:1      | Reached XP level 2. HP: 14/14 MP: 5/5
   452 | D:1      | Found Toc Qife's Magic Scroll Boutique.
   470 | D:1      | Bought a scroll of identify for 22 gold pieces
   809 | D:2      | Reached XP level 3. HP: 12/18 MP: 6/6
   813 | D:2      | Learned a level 3 spell: Inner Flame
  1701 | D:1      | Slain by an orc

Illustrated notes

Levels and vault maps discovered:
D:1:      pf_arrival_petrified_forest, layout_basic, serial_shops,
          nicolae_square_shop
D:2:      layout_basic, serial_shops, nicolae_shop_advertising_works
          [nicolae_subvault_shop_adworks]

Skill      XL: |  1 |
---------------+----+-----
Fighting       | 1 |  1.8
Dodging        | 3 |  3.9
Crossbows      | |  2.1
Spellcasting   | |  1.6
Hexes          | |  3.7

Action                   || total
-------------------------++-------
Melee: Dagger            ||    34
       Whip              ||    14
       Short sword       ||    31
 Fire: Hand crossbow     ||    61
Throw: Stone             ||    56
  Use: Scroll            ||     3
Armor: Robe              ||    17
Dodge: Dodged            ||   114

Table legend: (Time is in decaauts)
 A = Elapsed time spent in this place.
 B = Non-inter-level travel time spent in this place.
 C = Inter-level travel time spent in this place.
 D = Time resting spent in this place.
 E = Time spent auto-exploring this place.
 F = Levels seen in this place.
 G = Mean time per level.
                   A        B        C        D        E       F      G
               +--------+--------+--------+--------+--------+-----+--------+
         Total |   1412 |   1403 |      9 |    197 |    850 |   2 |  706.0 |
       Dungeon |   1412 |   1403 |      9 |    197 |    850 |   2 |  706.0 |
               +--------+--------+--------+--------+--------+-----+--------+

Top non-repeatable levels by time:
     D:2: 1000 daAuts
     D:1: 411 daAuts
